Map: Recife Abissal LE

Players

victorhugovh

  • Race: Terran Terran
  • League: Platinum
  • Spawn Location: 5:00

SorrowS - Winner!

  • Race: Zerg Zerg
  • League: Diamond
  • Spawn Location: 11:00

VOD

Have the link to the VOD?

Description

Time

  • Played on: May 20, 2017, 9:51 p.m.
  • Length: 11:58
Show
View Real Time Build Order
Export as new Build Order

victorhugovh Terran 

Build Orders: Hellion Banshee, Mech 

Get SALT Encoding   

  12  0:01  SCV  
  13  0:13  SCV  
  14  0:19  Supply Depot  
  14  0:25  SCV  
  14  0:28  Refinery  
  15  0:41  SCV  
  16  0:46  Barracks  
  16  0:53  SCV  
  17  1:05  SCV  
  18  1:17  SCV  
  19  1:29  SCV  
  20  1:37  Command Center  
  20  1:39  Reaper  
  21  1:50  Orbital Command  
  21  2:01  Factory  
  21  2:11  Barracks Reactor  
  22  2:15  SCV  
  22  2:23  Refinery  
  22  2:27  SCV  
  23  2:49  SCV  
  24  2:53  Starport  
  24  2:55  Hellion  
  24  2:56  Hellion  
  24  2:57  Barracks Tech Lab  
  28  2:58  Orbital Command  
  28  3:01  SCV  
  29  3:12  Supply Depot  
  29  3:13  SCV  
  29  3:19  Orbital Command  
  30  3:22  Hellion  
  30  3:23  Hellion  
  34  3:38  Cloaking Field, Banshee  
  34  3:40  SCV  
  38  3:45  Hellion  
  38  3:48  Hellion  
  42  3:52  SCV  
  43  4:00  Factory  
  43  4:02  SCV  
  44  4:04  SCV  
  45  4:14  Supply Depot  
  45  4:15  SCV  
  46  4:25  SCV  
  46  4:26  Hellion  
  46  4:27  Barracks Tech Lab  
  46  4:28  SCV  
  50  4:38  SCV  
  51  4:40  SCV  
  51  4:43  Factory  
  52  4:49  Command Center  
  52  4:50  SCV  
  52  4:52  SCV  
  54  4:55  Siege Tank  
  54  4:58  Hellion  
  59  5:01  Hellion  
  61  5:08  SCV  
  62  5:15  Supply Depot  
  62  5:29  SCV  
  62  5:30  Hellion x2  
  62  5:33  Siege Tank  
  70  5:35  Starport Reactor  
  70  5:37  SCV, Siege Tank  
  74  5:45  Supply Depot  
  74  5:46  SCV, Supply Depot  
  75  5:50  SCV  
  75  5:53  Refinery  
  75  5:55  Refinery  
  75  5:56  Hellion  
  78  6:01  SCV, Hellion  
  78  6:02  SCV  
  82  6:11  Supply Depot  
  82  6:13  SCV  
  82  6:14  SCV  
  84  6:20  Engineering Bay  
  84  6:23  Siege Tank x2  
  84  6:25  SCV  
  91  6:26  SCV  
  92  6:35  SCV  
  92  6:37  SCV  
  92  6:38  SCV  
  92  6:39  Hellion x2  
  99  6:40  Viking  
  99  6:44  Viking  
  103  6:48  Supply Depot  
  104  6:55  Planetary Fortress  
  104  6:56  SCV x2  
  104  7:00  Siege Tank  
  108  7:07  Hellion x2  
  112  7:11  Siege Tank  
  115  7:18  Viking  
  117  7:25  Viking  
  117  7:28  Hellion x2  
  123  7:34  SCV x2  
  125  7:39  Refinery  
  125  7:42  Refinery  
  125  8:01  Supply Depot  
  125  8:04  Missile Turret  
  125  8:07  Missile Turret, Supply Depot  
  125  8:11  Missile Turret  
  125  8:22  SCV  
  125  8:23  Hellion x2  
  133  8:28  Infernal Pre-Igniter  
  133  8:29  SCV x2, Viking  
  140  8:34  SCV  
  140  8:37  Siege Tank x2  
  141  8:45  Factory  
  141  8:54  SCV x2, Viking  
  141  8:55  SCV, Hellion x2  
  150  8:58  Supply Depot, Factory  
  150  9:02  Viking  
  152  9:06  SCV x2  
  152  9:07  SCV  
  155  9:16  Hellion  
  157  9:20  Siege Tank x2, Hellion  
  157  9:21  Supply Depot  
  165  9:33  Supply Depot, Factory Tech Lab  
  165  9:41  Factory Reactor  
  165  9:43  Viking x2  
  173  9:45  Hellion x2  
  173  9:46  Supply Depot  
  173  9:55  SCV x2, Siege Tank x2, Supply Depot  
  173  9:58  Supply Depot  
  181  10:04  Supply Depot  
  181  10:07  SCV, Siege Tank  
  181  10:14  Armory  
  185  10:15  SCV x2, Armory  
  185  10:17  Viking x2  
  185  10:19  Hellion x3  
  185  10:20  Hellion  
Show
View Real Time Build Order
Export as new Build Order

SorrowS Zerg - Winner!

Build Orders: 3 Hatch before Pool 

Get SALT Encoding   

  12  0:01  Drone  
  13  0:13  Drone  
  14  0:16  Overlord  
  14  0:20  Extractor  
  13  0:26  Drone  
  15  0:35  Drone x2  
  17  0:47  Drone  
  18  0:58  Hatchery  
  18  1:01  Drone  
  18  1:22  Hatchery  
  17  1:34  Spawning Pool  
  17  1:36  Drone  
  17  1:40  Drone  
  17  1:43  Drone  
  19  1:47  Drone  
  20  1:58  Drone  
  21  2:10  Drone  
  21  2:11  Drone  
  23  2:21  Overlord  
  23  2:24  Queen x2  
  23  2:26  Drone  
  28  2:34  Drone x2  
  28  2:35  Drone  
  31  2:41  Queen  
  31  2:43  Drone  
  34  2:44  Drone  
  34  2:48  Overlord  
  35  2:53  Overlord  
  35  2:55  Drone  
  35  2:57  Drone  
  37  3:05  Drone x2  
  39  3:07  Drone  
  40  3:17  Drone  
  40  3:18  Drone  
  42  3:20  Drone  
  43  3:29  Drone x2, Extractor x2  
  43  3:30  Drone  
  44  3:36  Drone x3  
  44  3:39  Drone  
  44  3:40  Drone  
  49  3:42  Extractor  
  49  3:43  Overlord x2, Extractor  
  47  3:49  Drone x3  
  47  3:53  Drone x3  
  47  3:55  Drone x2  
  55  4:04  Overlord  
  55  4:06  Drone x2  
  57  4:12  Drone x2, Extractor  
  57  4:13  Extractor  
  57  4:17  Drone x3  
  59  4:18  Drone x3  
  59  4:19  Metabolic Boost  
  63  4:25  Lair  
  63  4:26  Drone x4  
  63  4:28  Overlord  
  67  4:32  Overlord  
  67  4:42  Roach Warren  
  67  4:43  Burrow, Pneumatized Carapace  
  67  4:45  Drone x6  
  72  4:46  Drone  
  73  4:59  Drone  
  74  5:08  Hatchery, Extractor  
  74  5:09  Extractor  
  74  5:13  Overlord  
  71  5:15  Overlord  
  71  5:17  Drone x3  
  71  5:18  Drone x2  
  71  5:19  Drone  
  77  5:22  Drone x4  
  77  5:23  Drone x4  
  85  5:30  Glial Reconstitution  
  85  5:31  Spire  
  85  5:33  Spire  
  85  5:34  Drone  
  85  5:35  Infestation Pit  
  83  5:40  Evolution Chamber  
  83  5:42  Drone x2, Evolution Chamber x2  
  82  5:45  Drone  
  82  5:46  Drone x2  
  82  5:47  Drone  
  86  6:01  Overlord  
  86  6:14  Overlord  
  86  6:16  Hive  
  86  6:20  Hydralisk Den  
  86  6:21  Zerg Ground Armor Level 1, Zerg Melee Weapons Level 1, Zerg Missile Weapons Level 1  
  85  6:30  Drone x5  
  85  6:31  Drone x2  
  92  6:41  Hatchery, Extractor  
  92  6:44  Extractor  
  90  6:47  Drone x3  
  90  6:48  Drone x3, Tunneling Claws  
  90  6:52  Drone  
  90  6:53  Drone x4  
  100  6:55  Muscular Augments  
  100  6:56  Pathogen Glands  
  100  6:58  Zerg Flyer Weapons Level 1  
  100  7:09  Baneling Nest  
  99  7:20  Overlord x3  
  99  7:29  Queen x3  
  101  7:30  Queen  
  101  7:33  Greater Spire  
  107  7:39  Ultralisk Cavern  
  107  7:42  Overlord  
  107  7:43  Overlord  
  106  7:53  Neural Parasite, Centrifical Hooks  
  106  7:55  Adrenal Glands  
  106  8:05  Queen x3  
  112  8:16  Zerg Missile Weapons Level 2, Zerg Ground Armor Level 2, Zerg Melee Weapons Level 2  
  112  8:20  Lurker Den  
  112  8:37  Chitinous Plating  
  112  8:45  Zerg Flyer Armor Level 1  
  112  8:59  Overlord  
  112  9:00  Overlord x2  
  112  9:01  Zerg Flyer Weapons Level 2  
  112  9:05  Corruptor x8  
  112  9:06  Corruptor  
  112  9:07  Corruptor x7  
  144  9:13  Overlord x5  
  144  9:21  Corruptor x2  
  144  9:22  Corruptor x2  
  144  9:23  Overlord  
  144  9:24  Overlord x2  
  152  9:33  Overlord x3  
  152  9:34  Overlord  
  152  9:35  Corruptor  
  152  9:36  Corruptor x7  
  168  9:56  Extractor  
  168  9:57  Extractor  
  168  9:59  Hatchery  
  165  10:15  Drone x2, Extractor  
  165  10:16  Drone, Hatchery  
  165  10:17  Drone x3  
  165  10:20  Extractor  
  168  10:22  Drone x3  
  168  10:23  Drone x3  
  174  10:33  Brood Lord x3  
  174  10:34  Brood Lord x6  
  174  10:35  Brood Lord  
  194  10:36  Overseer x2  
  194  10:52  Brood Lord  
  194  10:53  Brood Lord x2  
  200  11:05  Overseer  
Tags
 
Add a new tag
Caveats
  • Supply blocks, unpowered buildings, or Contaminate may cause inaccurate times.
  • Supply counts are checked every 10 seconds.